 Dungeon Crawl Stone Soup version 0.21.1-1-g345015f (webtiles) character file.

245 sankara the Chucker (level 5, 0/50 HPs)
             Began as a Troll Monk on Apr 20, 2018.
             Slain by an orc
             ... wielding a +0 war axe
              (6 damage)
             ... on level 4 of the Dungeon.
             The game lasted 00:09:36 (2835 turns).

sankara the Chucker (Troll Monk)                    Turns: 2835, Time: 00:09:37

Health: 0/50       AC:  6    Str: 20    XL:     5   Next: 84%
Magic:  4/4        EV: 10    Int:  6    God:
Gold:   160        SH:  2    Dex: 12    Spells: 4/4 levels left

rFire    . . .     SeeInvis +     - Unarmed
rCold    . . .     Gourm    +   (no shield)
rNeg     . . .     Faith    .   t - +0 robe
rPois    .         Spirit   .   (helmet restricted)
rElec    .         Reflect  +   g - +0 cloak
rCorr    .         Harm     .   (gloves unavailable)
MR       .....                  (boots unavailable)
Stlth    ++........             p - +2 amulet of reflection
HPRegen  0.56/turn              k - ring of wizardry {Wiz+, !d}
MPRegen  0.09/turn              v - ring of see invisible {sInv, !d}

@: lethally poisoned (0 -> -17)
A: large, unfitting armour, claws 3, fast metabolism 3, gourmand, regeneration
1, shaggy fur 1, tough skin 2
a: no special abilities


You were on level 4 of the Dungeon.
You were very full.

You visited 1 branch of the dungeon, and saw 4 of its levels.

You collected 160 gold pieces.

Inventory:

Missiles
 e - 145 stones (quivered)
Armour
 g - a +0 cloak (worn)
   (You found it on level 1 of the Dungeon)
 t - a +0 robe (worn)
   (You found it on level 3 of the Dungeon)
Jewellery
 k - a ring of wizardry (left claw) {Wiz+, !d}
   (You found it on level 2 of the Dungeon)
 p - a +2 amulet of reflection (around neck)
   (You took it off a kobold on level 2 of the Dungeon)
 v - a ring of see invisible (right claw) {sInv, !d}
   (You found it on level 3 of the Dungeon)
Wands
 a - a wand of iceblast (11)
   (You found it on level 3 of the Dungeon)
 u - a wand of random effects (34)
   (You took it off Ijyb on level 3 of the Dungeon)
Scrolls
 c - 3 scrolls of remove curse
 d - 4 scrolls of identify {unknown}
 f - a scroll of amnesia {unknown}
 l - a scroll of fear {unknown}
 n - a scroll of fog {unknown}
 o - 2 scrolls of random uselessness {unknown}
 s - a scroll of teleportation {unknown}
Potions
 h - a potion of curing {unknown}
 i - a potion of invisibility {unknown}
 j - a potion of degeneration {unknown}
 m - 2 potions of berserk rage {unknown}
 q - a potion of ambrosia {unknown}
 r - a potion of haste {unknown}
Comestibles
 b - 9 rations


   Skills:
 - Level 2.4 Fighting
 + Level 4.4 Throwing
 - Level 2.4 Dodging
 - Level 1.0 Stealth
 - Level 4.2 Unarmed Combat


You had 4 spell levels left.
You didn't know any spells.

Dungeon Overview and Level Annotations

Branches:
Dungeon (4/15)
 Temple: D:4-7

Altars:


Innate Abilities, Weirdness & Mutations

You are too large for most types of armour.
You have claws for hands.
Your metabolism is lightning-fast.
You like to eat raw meat.
Your natural rate of healing is unusually fast.
You are covered in fur. (AC +1)
You have very tough skin. (AC +2)


Message History

Throwing (i - inventory):
e - 146 stones (quivered)
Press: ? - help, Shift-Dir - straight line, f/p - adder
Aim: an adder (heavily wounded)
You throw a stone. The stone closely misses the adder.
The adder bites you. The adder closely misses you.
The phantom blinks!
The adder barely misses you. The adder bites you.
You climb upwards.
There is a stone staircase leading down here.
You barely miss the adder.
The adder is heavily wounded.
The adder bites you but does no damage. The adder bites you.
You closely miss the adder.
The adder is heavily wounded.
The adder closely misses you.
The adder bites you but does no damage. x2
You claw the adder!
You kill the adder!
Your Throwing skill increases to level 4!
The adder bites you but does no damage.
You scratch the adder.
The adder is moderately wounded.
The adder closely misses you.
You claw the adder!
The adder is almost dead.
The adder barely misses you. The adder completely misses you.
You miss the adder.
The adder is almost dead.
The adder bites you.
You scratch the adder.
You kill the adder!
You see here an adder corpse.
You butcher the adder corpse.
w - 2 chunks of flesh {@w0}
There is a stone staircase leading down here.
Eating one of 2 chunks of flesh {@w0}.
You eat one of the 2 chunks of flesh {@w0}.
This raw flesh tastes great.
Eating a chunk of flesh {@w0}.
You eat the chunk of flesh {@w0}.
This raw flesh tastes great.
HP restored.
There is a stone staircase leading down here.
You climb downwards.
A water moccasin, 3 orcs and an orc wizard come into view.
The orc shouts!
The orc wizard shouts!
The orc shouts! x2
The water moccasin moves out of view.
The orc wizard casts a cantrip, but nothing happens.
There is a stone staircase leading up here.
You closely miss the orc wizard. The orc hits you with a war axe.
The orc wizard hits you but does no damage.
You scratch the orc wizard.
The orc wizard is lightly wounded.
You block the orc's attack.
A quokka comes into view.
You scratch the orc wizard.
The orc wizard is heavily wounded.
The orc wizard closely misses you. The orc hits you but does no damage.
You claw the orc wizard!
You kill the orc wizard!
The water moccasin bites you.
You are poisoned.
The water moccasin poisons you! The orc hits you but does no damage.
The orc barely misses you.
You claw the water moccasin!
The water moccasin is heavily wounded.
You feel sick. The water moccasin bites you. The orc hits you.
You block the orc's attack.
The water moccasin bites you but does no damage.
You scratch the water moccasin but do no damage.
The water moccasin is heavily wounded.
You feel sick. The orc hits you but does no damage.
The water moccasin bites you. The orc barely misses you.
You claw the water moccasin!
The water moccasin is severely wounded.
You feel sick. The water moccasin bites you.
You miss the water moccasin.
The water moccasin is severely wounded.
You feel sick. The water moccasin bites you.
You are more poisoned.
The water moccasin poisons you! The orc hits you with a war axe!
The orc hits you but does no damage.
The water moccasin bites you but does no damage.
You scratch the water moccasin.
The water moccasin is almost dead.
You feel sick. The orc closely misses you. x2
The water moccasin closely misses you. The orc hits you but does no damage.
You closely miss the water moccasin.
The water moccasin is almost dead.
You feel sick. The water moccasin bites you!
* * * LOW HITPOINT WARNING * * *
You are lethally poisoned!
The water moccasin poisons you! The orc hits you but does no damage.
The orc hits you with a war axe.
* * * LOW HITPOINT WARNING * * *
The orc hits you.
* * * LOW HITPOINT WARNING * * *
You scratch the water moccasin but do no damage.
The water moccasin is almost dead.
* * * LOW HITPOINT WARNING * * *
You feel sick. The water moccasin barely misses you. The orc misses you.
The orc hits you but does no damage. The orc hits you with a war axe.
You die...

.. .. #.
#. ###.
...
#.###.##..
#o@S......
##oo...##.
#r#...#
..##...#
..# .#.#
...# # ..
...# .
8...8


You could see a water moccasin, 3 orcs and a quokka.

Vanquished Creatures
  An orc wizard (D:4)
  Ijyb (D:3)
  4 gnolls
  5 adders
  An ooze (D:3)
  5 worms
  5 dart slugs
  3 orcs (D:3)
  2 ball pythons
  10 bats
  2 giant cockroaches
  8 goblins
  8 hobgoblins
  6 jackals
  3 quokkas
  6 frilled lizards
  8 kobolds
  8 rats
86 creatures vanquished.

Notes
Turn   | Place    | Note
-------+----------+-------------------------------------------
     0 | D:1      | sankara the Troll Monk began the quest for the Orb.
     0 | D:1      | Reached XP level 1. HP: 22/22 MP: 0/0
     3 | D:1      | Noticed an electric eel
     3 | D:1      | Noticed an electric eel
   133 | D:1      | Reached XP level 2. HP: 27/29 MP: 1/1
   252 | D:1      | Reached skill level 4 in Unarmed Combat
   479 | D:1      | Reached XP level 3. HP: 36/36 MP: 2/2
   907 | D:2      | Reached skill level 1 in Throwing
  1220 | D:2      | Reached XP level 4. HP: 40/44 MP: 3/3
  1231 | D:2      | Reached skill level 2 in Throwing
  1458 | D:2      | HP: 10/44 [gnoll/flail (8)]
  1463 | D:2      | HP: 10/44 [jackal (3)]
  1689 | D:3      | Reached skill level 3 in Throwing
  1841 | D:3      | Reached XP level 5. HP: 50/50 MP: 4/4
  2320 | D:3      | Noticed Ijyb
  2348 | D:3      | Killed Ijyb
  2789 | D:4      | Noticed a phantom
  2789 | D:4      | Noticed an ogre
  2797 | D:3      | Reached skill level 4 in Throwing
  2824 | D:4      | Noticed a water moccasin
  2834 | D:4      | HP: 10/50 [orc/war axe (3)]
  2835 | D:4      | Slain by an orc

Skill      XL: |  1  2  3  4  5 |
---------------+----------------+-----
Unarmed Combat | 4 |  4.2
Throwing       | 1 3 4 |  4.4
Fighting       | |  2.4
Dodging        | |  2.4
Stealth        | |  1.0

Action                   |  1- 3 |  4- 6 || total
-------------------------+-------+-------++-------
Melee: Unarmed           |   103 |   122 ||   225
       Punch             |     2 |       ||     2
Throw: Stone             |    29 |    87 ||   116
  Use: Scroll            |       |     1 ||     1
 Stab: Sleeping          |     1 |     1 ||     2
  Eat: Chunk             |    15 |    16 ||    31
Armor: Robe              |    30 |    47 ||    77
Dodge: Dodged            |    45 |    69 ||   114
Block: Other             |       |     2 ||     2

Vault maps used:
D:1:      arrival_aquarium_b, serial_park_tiny_2
D:2:      first_ration
D:3:      uniq_ijyb
D:4:      minmay_temple_entry_overgrown, serial_corexii_hall,
          corexii_hall_statues_x, corexii_hall_statues_x, minmay_ruptured

Table legend:
 A = Turns spent in this place as a percentage of turns spent in the entire game.
 B = Non-inter-level travel turns spent in this place as a percentage of non-inter-level travel turns spent in the entire game.
 C = Inter-level travel turns spent in this place as a percentage of turns spent in this place.
 D = Turns resting spent in this place as a percentage of non-inter-level travel turns spent in this place.
 E = Turns spent auto-exploring this place as a percentage of non-inter-level travel turns spent in this place.
 F = Non-inter-level travel turns spent in this place divided by the number of levels of this place that you've seen.
                   A       B       C       D       E      F
               +-------+-------+-------+-------+-------+----------------------
         Total | 100.0 | 100.0 |   3.0 |   8.5 |  64.3 | 687.2
       Dungeon | 100.0 | 100.0 |   3.0 |   8.5 |  64.3 | 687.2
               +-------+-------+-------+-------+-------+----------------------

Table legend:
 A = Kills in this place as a percentage of kills in entire the game.
 B = Kills by you in this place as a percentage of kills by you in the entire game.
 C = Kills by friends in this place as a percentage of kills by friends in the entire game.
 D = Other kills in this place as a percentage of other kills in the entire game.
 E = Experience gained in this place as a percentage of experience gained in the entire game.
 F = Experience gained in this place divided by the number of levels of this place that you have seen.
                   A       B       C       D       E      F
               +-------+-------+-------+-------+-------+----------------------
         Total | 100.0 | 100.0 |   N/A |   N/A | 100.0 |  87.8
       Dungeon | 100.0 | 100.0 |   N/A |   N/A | 100.0 |  87.8
               +-------+-------+-------+-------+-------+----------------------
